 Dungeon Crawl Stone Soup version 0.27.1-34-g3ba077fa99 (webtiles) character file.

Game seed: 803555255373836340

30 Sharkman1231 the Skirmisher (level 3, 0/29 HPs)
             Began as a Demonspawn Chaos Knight on Jan 18, 2022.
             Was a Plaything of Xom.
             Slain by a jackal (2 damage)
             ... on level 1 of the Dungeon.
             The game lasted 00:01:03 (1166 turns).

Sharkman1231 the Skirmisher (DsCK)                  Turns: 1166, Time: 00:01:04

Health: 0/29       AC:  5    Str: 12    XL:     3   Next: 3%
Magic:  12/12      EV: 11    Int: 15    God:    Xom [..*...]
Gold:   9          SH:  0    Dex: 13    Spells: 2/2 levels left

rFire    . . .     SeeInvis .   a - +0 mace (chaos)
rCold    . . .     Faith    .   (no shield)
rNeg     . . .     Spirit   .   b - +2 leather armour
rPois    .         Reflect  .   (no helmet)
rElec    .         Harm     .   (no cloak)
rCorr    .         Rampage  .   (no gloves)
Will     .....                  (no boots)
Stlth    +.........             (no amulet)
HPRegen  0.09/turn              c - ring of magical power
MPRegen  0.13/turn              (no ring)

@: no status effects
A: big brain 1
a: Renounce Religion


You were on level 1 of the Dungeon.
You worshipped Xom.
You were a toy of Xom.
You visited 1 branch of the dungeon, and saw 1 of its levels.

You collected 9 gold pieces.

Inventory:

Hand Weapons
 a - a +0 mace of chaos (weapon)
Armour
 b - a +2 leather armour (worn)
Jewellery
 c - a ring of magical power (left hand)
Scrolls
 d - a scroll of identify {unknown}
 e - a scroll of teleportation {unknown}
 g - a scroll of amnesia {unknown}
Potions
 f - a potion of heal wounds {unknown}


   Skills:
 + Level 3.3 Fighting
 + Level 3.0 Maces & Flails
 + Level 2.2 Armour
 + Level 1.5 Dodging


You had 2 spell levels left.
You didn't know any spells.
Your spell library contained the following spells:

 Spells                   Type           Power      Damage    Failure   Level
 Dispersal                Tloc           0%         N/A       100%        6
 Disjunction              Tloc           0%         N/A       100%        8


Dungeon Overview and Level Annotations

Branches:
Dungeon (1/15)

Altars:


Innate Abilities, Weirdness & Mutations

You have an unusually large brain. (Int +2)


Message History

A jackal appears from thin air!
Reactivating autopickup.
The jackal bites you but does no damage. "How about this?"
You do an impromptu tapdance.
The jackal closely misses you. The jackal closely misses you.
The jackal bites you but does no damage.
The jackal bites you. The jackal barely misses you.
You closely miss the jackal.
The jackal is moderately wounded.
The jackal bites you. The jackal closely misses you.
You closely miss the jackal.
The jackal is moderately wounded.
The jackal bites you. The gnoll hits you but does no damage.
The jackal closely misses you.
The jackal is no longer unusually agile.
The jackal bites you but does no damage.
The jackal bites you but does no damage.
You barely miss the jackal.
The jackal bites you but does no damage.
The jackal closely misses you.
You hit the jackal.
The jackal is heavily wounded.
The jackal closely misses you. The jackal misses you.
The gnoll hits you from afar with a +0 spear.
* * * LOW HITPOINT WARNING * * *
The jackal bites you.
* * * LOW HITPOINT WARNING * * *
The jackal bites you but does no damage.
The jackal barely misses you.
The jackal bites you but does no damage.
You barely miss the jackal.
The jackal is heavily wounded.
The jackal barely misses you.
The gnoll hits you from afar with a +0 spear.
* * * LOW HITPOINT WARNING * * *
The jackal bites you but does no damage.
The jackal bites you.
You die...

#.##.......#
#.##....S.gK..K.....
#.##########
#.##K###############
#.# #.##K# #.#
#.##.# #.# #.##g#
#.# #.##S# #.#
#.##g# ..# #.##h#
### #..@.# ####.#
###


You could see a gnoll, a jackal, a hobgoblin, a ball python and 2 kobolds.

Vanquished Creatures
  A gnoll (D:1)
  2 bats (D:1)
  3 endoplasms (D:1)
  4 jackals (D:1)
  A quokka (D:1)
  2 ball pythons (D:1)
  2 goblins (D:1)
  3 kobolds (D:1)
18 creatures vanquished.

Notes
Turn   | Place    | Note
-------+----------+-------------------------------------------
     0 | D:1      | Sharkman1231 the Demonspawn Chaos Knight began the quest
                  | for the Orb.
     0 | D:1      | Reached XP level 1. HP: 18/18 MP: 1/1
    96 | D:1      | XOM: butterfly on damage
   129 | D:1      | Reached skill level 1 in Dodging
   450 | D:1      | Gained mutation: You have an unusually large brain. (Int
                  | +2) [demonic ancestry]
   450 | D:1      | Reached XP level 2. HP: 16/24 MP: 2/2
   450 | D:1      | XOM: silly message
   753 | D:1      | XOM: silly message
   884 | D:1      | Reached XP level 3. HP: 25/29 MP: 3/3
   899 | D:1      | XOM: divination: detect items
  1025 | D:1      | XOM: silly message
  1127 | D:1      | XOM: silly message
  1133 | D:1      | XOM: silly message
  1166 | D:1      | Slain by a jackal

Illustrated notes

Levels and vault maps discovered:
D:1:      dpeg_arrival_tiny_h, layout_basic, minmay_hexomino_c4

Skill      XL: |  1  2 |
---------------+-------+-----
Dodging        | 1 |  1.5
Armour         | 2 |  2.2
Maces & Flails | 3 |  3.0
Fighting       | |  3.3

Action                   || total
-------------------------++-------
Melee: Mace              ||    77
Armor: Leather armour    ||    60
Dodge: Dodged            ||    63
